 Dungeon Crawl Stone Soup version 0.31.0-12-g77e489cdc1 (webtiles) character file.

Game seed: 8464315921408382690

1706 RancidPinata the Sneak (level 9, -2/84 HPs)
             Began as a Gargoyle Delver on Feb 23, 2024.
             Was an Initiate of Elyvilon.
             Splashed by a brown ugly thing's acid (7 damage)
             ... on level 6 of the Dungeon on Feb 24, 2024.
             The game lasted 00:33:19 (8093 turns).

RancidPinata the Sneak (Gargoyle Delver)            Turns: 8093, Time: 00:33:20

Health: -2/84      AC: 20    Str: 18 (20) XL:     9   Next: 3%
Magic:  9/9        EV:  2    Int: 14 (17) God:    Elyvilon [......]
Gold:   337        SH:  0    Dex:  8 (11) Spells: 8/8 levels left

rFire   . . .        K - +1 mace (protect)
rCold   . . .        (no shield)
rNeg    + . .        m - melded +1 ring mail {Will+}
rPois   ∞            (helmet currently unavailable)
rElec   .            E - melded +0 cloak
rCorr   .            j - melded +0 pair of gloves
SInv    .            (boots currently unavailable)
Will    .....        F - amulet of the Morning {RegenMP Int+6}
Stlth   +++          (no ring)
HPRegen 0.34/turn    (no ring)
MPRegen 0.51/turn

%: no passive effects
@: mighty, tree-form, corroded, attractive, hasted, very quick
A: stationary, stasis, torment immunity, boosted hp, sickness immunity, AC +6,
negative energy resistance 1, (electricity resistance), torment resistance 1,
petrification resistance
a: Renounce Religion


You were on level 6 of the Dungeon.
You worshipped Elyvilon.
Elyvilon was noncommittal.
You were a tree.
You visited 2 branches of the dungeon, and saw 8 of its levels.

You collected 337 gold pieces.

Inventory:

Hand Weapons
 n - a +0 flail
 r - a +0 morningstar
 K - a +1 mace of protection (weapon)
Missiles
 h - 79 stones (quivered)
 o - 7 boomerangs
 I - 4 poisoned darts
Armour
 j - a +0 pair of gloves (melded)
 m - a +1 ring mail of willpower (melded)
 E - a +0 cloak (melded)
Jewellery
 p - a ring of ice
 F - the amulet of the Morning (around neck) {RegenMP Int+6}
   (You found it on level 7 of the Dungeon)

   [amulet of magic regeneration]

   RegenMP:   It increases your rate of magic regeneration.
   Int+6:     It affects your intelligence (+6).
Talismans
 z - a flux talisman
Wands
 g - a wand of digging (3)
Scrolls
 b - 2 scrolls of amnesia {unknown}
 c - 4 scrolls of fog
 d - 3 scrolls of revelation
 e - a scroll of fear
 k - 6 scrolls of teleportation {unknown}
 l - 4 scrolls of enchant weapon {unknown}
 q - a scroll of immolation {unknown}
 y - a scroll of vulnerability {unknown}
 B - 2 scrolls of noise {unknown}
 C - a scroll of torment {unknown}
 G - 2 scrolls of poison {unknown}
 H - 3 scrolls of identify {unknown}
 J - a scroll of enchant armour {unknown}
Potions
 a - 3 potions of brilliance {unknown}
 i - 5 potions of heal wounds {unknown}
 s - 3 potions of curing {unknown}
 t - a potion of mutation {unknown}
 u - a potion of magic
 v - a potion of degeneration
 w - a potion of lignification
 x - a potion of might
 A - a potion of berserk rage {unknown}
 D - a potion of attraction


   Skills:
 * Level 6.9 Fighting
 * Level 5.8 Maces & Flails
 * Level 6.0 Armour
 + Level 3.6 Dodging
 + Level 7.1 Stealth


You had 8 spell levels left.
You didn't know any spells.
Your spell library contained the following spells:

 Spells                   Type           Power      Damage    Failure   Level
 Foxfire                  Conj/Fire      0%         2x1d4     28%         1
 Jinxbite                 Hex            0%         N/A       41%         2
 Lesser Beckoning         Tloc           0%         N/A       41%         2
 Gell's Gravitas          Tloc           0%         N/A       65%         3
 Teleport Other           Tloc           0%         N/A       65%         3
 Petrify                  Alch/Erth      0%         N/A       96%         4
 Irradiate                Conj/Alch      0%         3d11      100%        5
 Yara's Violent Unravell  Hex/Alch       0%         3d3       100%        5
 Plasma Beam              Fire/Air       0%         2x1d10    100%        6
 Starburst                Conj/Fire      0%         6d3       100%        6
 Enfeeble                 Hex            0%         N/A       100%        7
 Sublimation of Blood     Necr           Unusable   N/A       N/A         2

Dungeon Overview and Level Annotations

Branches:
Dungeon (7/15)             Temple (1/1) D:7

Altars:
Ashenzari
Cheibriados
Dithmenos
Elyvilon
Fedhas
Gozag
Hepliaklqana
Kikubaaqudgha
Makhleb
Nemelex Xobeh
Okawaru
Sif Muna
Trog
Uskayaw
Vehumet
Wu Jian
Xom
Yredelemnul
Zin
The Shining One
Lugonu

Annotations:
D:5 exclusion: statue
D:7 1 runed translucent door


Innate Abilities, Weirdness & Mutations

You are a tree.
Your roots penetrate the ground, keeping you stationary.
You cannot be teleported.
You are immune to unholy pain and torment.
Your maximum health is greatly increased.
Your equipment is partially melded.
You are immune to sickness and miasma.
((Your stone body is resilient. (AC +6)))
You are immune to poison.
You resist negative energy. (rN+)
((You are resistant to electric shocks. (rElec)))
You are resistant to unholy torment.
You are immune to petrification.


Message History

The brown ugly thing is lightly wounded.
The brown ugly thing barely misses you.
You hit the brown ugly thing but do no damage.
The brown ugly thing is lightly wounded.
The brown ugly thing punches you but does no damage.
You sock the brown ugly thing!
The brown ugly thing is lightly wounded.
The brown ugly thing punches you but does no damage.
You hit the brown ugly thing.
The brown ugly thing is lightly wounded.
The brown ugly thing punches you.
You are splashed with acid!
You closely miss the brown ugly thing.
The brown ugly thing is lightly wounded.
The brown ugly thing punches you.
You are splashed with acid!
You feel yourself speed up. The brown ugly thing punches you!
You are splashed with acid!
* * * LOW HITPOINT WARNING * * *
It was a potion of degeneration.
There was something very wrong with that liquid.
You feel weakened.
You feel dopey.
You feel clumsy. The brown ugly thing punches you.
* * * LOW HITPOINT WARNING * * *
The acid corrodes you!
You are splashed with acid!
* * * LOW HITPOINT WARNING * * *
It was a potion of magic.
Magic courses through your body.
The brown ugly thing closely misses you.
It was a potion of lignification.
You turn into a tree.
Your +0 cloak melds into your body.
Your +0 pair of gloves melds into your body.
Your +1 ring mail of willpower melds into your body.
You feel less strong-willed.
Your roots penetrate the ground.
It was a potion of might.
You feel very mighty all of a sudden.
The brown ugly thing punches you but does no damage.
It was a potion of attraction.
You feel attractive to monsters. The brown ugly thing punches you.
* * * LOW HITPOINT WARNING * * *
You are splashed with acid!
You die...

#..........######...
#..........#...##..#
#####..........'...###'#
#####..........#'####...
#####...............#...
#####...............#...
#####...............'...
#####..u............#...
#####..♣...####.....#..#
#####......####.....####
#####......#############
#####......####
#####......####
#####......####
###############
###############
###############


You could see a brown ugly thing.

Vanquished Creatures
  Grinder (D:5)
  An orc warrior (D:4)
  A sky beast (D:7)
  3 ogres
  2 black bears
  A kobold brigand (D:7)
  2 scorpions (D:5)
  A bombardier beetle (D:7)
  A hound (D:5)
  A gnoll bouda (D:6)
  3 jellies
  Crazy Yiuf (D:5)
  An iguana (D:6)
  6 orc wizards
  5 gnolls
  7 adders
  A shadow imp (D:7)
  A white imp (D:7)
  4 ufetubi
  11 dart slugs
  A ribbon worm (D:3)
  29 orcs
  7 ball pythons
  9 endoplasms
  2 giant cockroaches (D:1)
  6 goblins
  6 hobgoblins
  5 jackals
  11 kobolds
  A quokka (D:3)
  5 bats
  3 frilled lizards
  5 rats (D:1)
144 creatures vanquished.

Notes
Turn   | Place    | Note
-------+----------+-------------------------------------------
     0 | D:5      | RancidPinata the Gargoyle Delver began the quest for the
                  | Orb.
     0 | D:5      | Reached XP level 1. HP: 14/14 MP: 1/1
    19 | D:5      | Noticed a scorpion
    61 | D:4      | Reached XP level 2. HP: 18/19 MP: 2/2
   125 | D:5      | Reached skill level 1 in Armour
   125 | D:5      | Reached XP level 3. HP: 8/24 MP: 3/3
   241 | D:4      | Noticed an orc warrior
   270 | D:4      | Found a snail-covered altar of Cheibriados.
   371 | D:4      | Noticed an ogre
   652 | D:4      | Reached XP level 4. HP: 29/29 MP: 4/4
  1157 | D:3      | Reached XP level 5. HP: 33/33 MP: 5/5
  1571 | D:3      | Found a blossoming altar of Fedhas.
  2336 | D:2      | Found a faded altar of an unknown god.
  2442 | D:2      | Found a glowing silver altar of Zin.
  3886 | D:4      | Killed an orc warrior
  3887 | D:4      | Reached skill level 6 in Stealth
  3887 | D:4      | Reached XP level 6. HP: 16/40 MP: 6/6
  4393 | D:4      | Found a broken altar of Ashenzari.
  4450 | D:5      | Noticed Grinder
  4539 | D:5      | Found a radiant altar of Vehumet.
  4588 | D:5      | Found a runed translucent door.
  4589 | D:5      | Noticed Crazy Yiuf
  4604 | D:5      | Killed Crazy Yiuf
  4605 | D:5      | Reached skill level 5 in Fighting
  4780 | D:5      | Reached XP level 7. HP: 40/44 MP: 7/7
  4914 | D:5      | Found a white marble altar of Elyvilon.
  5059 | D:5      | Found a shimmering blue altar of Sif Muna.
  5583 | D:6      | Found a shadowy altar of Dithmenos.
  5649 | D:6      | Found a bloodstained altar of Trog.
  5869 | D:7      | Found an ornate altar of the Wu Jian Council.
  5940 | D:7      | Found a runed translucent door.
  6034 | D:7      | Reached XP level 8. HP: 51/51 MP: 8/8
  6137 | D:7      | Found a staircase to the Ecumenical Temple.
  6165 | Temple   | Entered the Ecumenical Temple
  6508 | D:6      | Reached skill level 5 in Maces & Flails
  6508 | D:6      | Reached skill level 5 in Armour
  6637 | D:6      | Found a sparkling altar of Nemelex Xobeh.
  6641 | D:6      | Found a shimmering altar of Xom.
  6643 | D:6      | Found a glowing golden altar of the Shining One.
  6646 | D:6      | Found a burning altar of Makhleb.
  7264 | D:5      | Became a worshipper of Elyvilon the Healer
  7468 | D:5      | Killed Grinder
  7469 | D:5      | Reached skill level 7 in Stealth
  7593 | D:4      | Reached XP level 9. HP: 28/56 MP: 9/9
  7852 | D:7      | Identified the amulet of the Morning {RegenMP Int+6}
  7909 | D:7      | Noticed a gargoyle
  7985 | D:7      | Noticed a boulder beetle
  7985 | D:7      | Noticed a brown ugly thing
  8056 | D:7      | Noticed a skeletal warrior
  8093 | D:6      | Splashed by a brown ugly thing's acid

Illustrated notes

Levels and vault maps discovered:
D:1:      enne_arrival_octagon_isle, layout_basic, st_stairs_10
D:2:      layout_basic, basic_altar, hellmonk_ecumenical_altar_run_dry
D:3:      kennysheep_slugbush, layout_loops_ring, fedhas_altar_4
D:4:      layout_loops_ring, grunt_temple_overflow_open
D:5:      layout_cave_pools, lemuel_round_altar, kennysheep_orc_sif_temple,
          elyvilon_altar_1, vehumet_statue, uniq_crazy_yiuf_cottage,
          uniq_grinder
D:6:      layout_gridville, minitemple, nicolae_dithmenos_the_darkroom
D:7:      minmay_the_grid_four_pointed_star
          [minmay_the_grid_triangle_9x9_stretched_checkered,
          minmay_the_grid_triangle_9x9_subtriangle,
          minmay_the_grid_triangle_9x9_zippers_horizontal,
          minmay_the_grid_triangle_9x9_corruption,
          minmay_the_grid_prize_big_room], layout_layer_cave,
          nicolae_wu_jian_glorious_leap, minmay_temple_entry_antechambers,
          guppyfry_shop_venom
Temple:   corrupted_temple

Skill      XL: |  1  2  3  4  5  6  7  8 |
---------------+-------------------------+-----
Armour         | 1 2 3 4 6 |  6.0
Dodging        | 2 3 |  3.6
Fighting       | 4 5 6 |  6.9
Maces & Flails | 3 4 5 |  5.8
Stealth        | 6 7 |  7.1

Action                     |  1- 3 |  4- 6 |  7- 9 || total
---------------------------+-------+-------+-------++-------
  Melee: Mace              |    50 |    16 |   381 ||   447
         Flail             |     6 |    49 |       ||    55
         Punch             |     1 |     2 |     7 ||    10
         Morningstar       |       |   198 |       ||   198
    Use: Scroll            |       |       |     2 ||     2
         Potion            |       |       |     6 ||     6
   Stab: Sleeping          |     2 |    10 |     2 ||    14
 Armour: Leather armour    |    54 |       |       ||    54
         Ring mail         |     2 |   173 |   367 ||   542
         Skin              |       |       |     2 ||     2
  Dodge: Dodged            |    65 |   186 |   215 ||   466
